 Dungeon Crawl Stone Soup version 0.18-a0-1126-ga2d7f46 (webtiles) character file.

17 st0uf the Ruffian (level 2, 0/23 HPs)
             Began as a Draconian Transmuter on Jan 21, 2016.
             Hit by a goblin thrown by Robin (2 damage)
             ... on level 2 of the Dungeon.
             The game lasted 00:02:08 (173 turns).

st0uf the Ruffian (Draconian Transmuter)             Turns: 173, Time: 00:02:09

Health: 0/23       AC:  4    Str: 12    XL:     2   Next: 44%
Magic:  0/5        EV: 12    Int: 13    God:
Gold:   17         SH:  0    Dex: 11    Spells: 1 memorised, 4 levels left

rFire  . . .     SeeInvis .       - Unarmed
rCold  . . .     Gourm    .     (armour unavailable)
rNeg   . . .     Faith    .     (no shield)
rPois  .         Spirit   .     (helmet restricted)
rElec  .         Dismiss  .     (no cloak)
rCorr  .         Reflect  .     (no gloves)
SustAt .         Harm     .     (no boots)
MR     .....                    (no amulet)
Stlth  +.........               (no ring)
                                d - ring of flight

@: appendage, very slightly contaminated, not resistant to hostile enchantments,
very unstealthy
A: unfitting armour, horns 2, cold-blooded, AC +4
a: End Transformation, Evoke Flight


You were on level 2 of the Dungeon.
You were not hungry.
You had grown temporary horns.
You visited 1 branch of the dungeon, and saw 2 of its levels.

You collected 17 gold pieces.

Inventory:

Missiles
 a - 12 arrows
Jewellery
 d - a ring of flight (left hand)
Scrolls
 e - a scroll of magic mapping {unknown}
Books
 b - a book of Changes

   Spells                             Type                      Level
   a - Beastly Appendage              Transmutation                1
   b - Sticks to Snakes               Transmutation                2
   c - Spider Form                    Transmutation/Poison         3
   d - Ice Form                       Ice/Transmutation            4
   e - Blade Hands                    Transmutation                5
Comestibles
 c - 2 bread rations
 f - 9 chunks of flesh


   Skills:
 + Level 1.1 Fighting
 + Level 1.9 Dodging
 * Level 3.5 Unarmed Combat
 + Level 2.1 Spellcasting
 * Level 2.1 Transmutations


You had 4 spell levels left.
You knew the following spells:

 Your Spells              Type           Power        Failure   Level  Hunger
a - Beastly Appendage     Trmt           #.....       12%         1    ##.....


Dungeon Overview and Level Annotations

Branches:
Dungeon (2/15)

Altars:

Annotations:
D:2 Robin


Innate Abilities, Weirdness & Mutations

Your plain brown scales are hard (AC +4).
Your body does not fit into most forms of armour.
You are cold-blooded and may be slowed by cold attacks.
You have a pair of horns on your head.


Message History

You kill the goblin!
The goblin unwields an uncursed hunting sling.
The goblin hits you but does no damage. Robin throws the goblin at you!
Unknown command.
Casting: Beastly Appendage
Confirm with . or Enter, or press ? or * to list all spells.
You grow a pair of large bovine horns.
The goblin hits you but does no damage. The hobgoblin hits you with a club.
* * * LOW HITPOINT WARNING * * *
The goblin closely misses you.
You closely miss the goblin. You tail-slap the goblin.
The goblin is severely wounded.
The goblin hits you but does no damage. The hobgoblin hits you with a club.
* * * LOW HITPOINT WARNING * * *
The goblin hits you but does no damage.
You hit the goblin.
You kill the goblin!
Robin says, "Kneel, worm!"
Robin throws the goblin at you!
You die...

g..## g... .#.#.#. ...
....... .g#
#.#.#...###.. #
......#.##g. ##.#
#.#.#...##.# ....
........#..###########
#....[...).ggg@g).(....
##............g#######.#
............)..#
........#.#.)..#
.#............#
......#.#..####
#.#.....).# #<.#.#..#
#......##


You could see Robin, a hobgoblin (frenzied) and 3 goblins.

Vanquished Creatures
  A bat (D:1)
  2 giant cockroaches
  7 goblins (D:2)
  A hobgoblin (D:2)
  A ball python (D:2)
  2 rats
14 creatures vanquished.

Notes
Turn   | Place    | Note
--------------------------------------------------------------
     0 | D:1      | st0uf the Draconian Transmuter began the quest for the Orb.
     0 | D:1      | Reached XP level 1. HP: 16/16 MP: 3/3
   135 | D:2      | Reached XP level 2. HP: 23/23 MP: 1/5
   160 | D:2      | Noticed Robin
   173 | D:2      | Hit by a goblin thrown by Robin

Vault maps used:
D:1:      lemuel_arrival_cross
D:2:      ecumenical_altar_2, serial_co_window_serial, co_window_paths_b,
          co_window_paths_b, co_window_corner_a, co_window_paths_b,
          co_window_paths_b, co_window_2corner, co_window_broadway_c,
          co_window_2corner, co_window_of_opportunity_b, co_window_corner_b,
          glass_columns_a, glass_columns_a, glass_columns_a, glass_columns_b,
          glass_columns_a, uniq_iyjb, uniq_terence, uniq_robin, uniq_sigmund

Action                   || total
-------------------------++-------
Melee: Unarmed           ||    25
 Cast: Beastly Appendage ||     8
